 Dungeon Crawl Stone Soup version 0.18.1-2-ga659475 (webtiles) character file.

288275 Scarto the Hoplite (level 20, -4/119 HPs)
             Began as a Gargoyle Fighter on May 8, 2016.
             Was the Champion of Makhleb.
             Killed from afar by a crystal guardian (24 damage)
             ... with a crystal bolt
             ... on level 3 of the Elven Halls.
             The game lasted 01:47:48 (33118 turns).

Scarto the Hoplite (Gargoyle Fighter)              Turns: 33118, Time: 01:47:49

Health: -4/119     AC: 56    Str: 29      XL:     20   Next: 69%
Magic:  22/22      EV:  9    Int:  8 (13) God:    Makhleb [******]
Gold:   865        SH: 20    Dex: 12      Spells: 0 memorised, 19 levels left

rFire  . . .     SeeInvis .     r - +4 hand axe of the Wasteland {venom, rC+ MR- Stlth+}
rCold  + . .     Gourm    .     Q - +8 crystal plate armour "Waggots" {*Drain Int+4 Stlth+}
rNeg   + . .     Faith    .     k - +0 shield {reflect}
rPois  ∞         Spirit   .     w - +2 helmet
rElec  +         Dismiss  .     f - +2 cloak
rCorr  .         Reflect  +     c - +2 pair of gloves {Dex+3}
SustAt .         Harm     .     (no boots)
MR     .....                    X - +3 amulet of reflection
Stlth  ..........               R - +4 ring of protection
                                e - +6 ring of slaying

@: corroded, not resistant to hostile enchantments, extremely unstealthy
A: big wings, hooves 1, frail 1, mutation resistance 1, negative energy
resistance 1, electricity resistance, unbreathing, petrification resistance, rot
immunity, subdued magic 1, AC +15
a: Fly, Minor Destruction, Lesser Servant of Makhleb, Major Destruction, Greater
Servant of Makhleb, Renounce Religion
}: 2/15 runes: decaying, serpentine


You were on level 3 of the Elven Halls.
You worshipped Makhleb.
Makhleb was exalted by your worship.
You were not hungry.

You visited 6 branches of the dungeon, and saw 36 of its levels.
You visited the Abyss 2 times.

You collected 3802 gold pieces.
You spent 2937 gold pieces at shops.

Inventory:

Hand Weapons
 r - the +4 hand axe of the Wasteland (weapon) {venom, rC+ MR- Stlth+}
   (You found it on level 1 of the Lair of Beasts)

   It poisons the flesh of those it strikes.
   It protects you from cold.
   It affects your resistance to hostile enchantments.
   It makes you more stealthy.
 A - a +9 flail of holy wrath
Missiles
 H - 20 tomahawks (quivered)
Armour
 c - a +2 pair of gloves of dexterity (worn)
 f - a +2 cloak (worn)
 k - a +0 shield of reflection (worn)
 w - a +2 helmet (worn)
 Q - the +8 crystal plate armour "Waggots" (worn) {*Drain Int+4 Stlth+}
   (You bought it in a shop on level 13 of the Dungeon)

   It affects your intelligence (+4).
   It causes draining when unequipped.
   It makes you more stealthy.
Jewellery
 e - a +6 ring of slaying (left hand)
 B - the amulet of Nuzuguof {+Rage MP+9 Int+6}
   (You took it off an orc on level 8 of the Dungeon)

   [amulet of rage]

   It affects your intelligence (+6).
   It affects your magic capacity (+9).
   It lets you go berserk.
 R - a +4 ring of protection (right hand)
 U - the ring of Wishful Thinking {rCorr Dex+2}
   (You found it on level 15 of the Dungeon)

   [ring of resist corrosion]

   It affects your dexterity (+2).
 X - a +3 amulet of reflection (around neck)
Wands
 v - a wand of acid (9/15)
 J - a wand of flame (39/48)
 W - a wand of iceblast (6/15)
 Y - a wand of lightning (3/15)
Scrolls
 a - 2 scrolls of fog
 b - 3 scrolls of summoning
 m - 14 scrolls of identify
 s - 2 scrolls of magic mapping
 t - 12 scrolls of remove curse
 x - 6 scrolls of teleportation
 L - a scroll of blinking
 M - 2 scrolls of silence
Potions
 d - 3 potions of magic
 p - 3 potions of brilliance
 q - a potion of heal wounds
 C - 7 potions of might
 F - 4 potions of haste
 G - 6 potions of agility
 O - 15 potions of curing
 T - a potion of resistance
Miscellaneous
 h - a phantom mirror
 l - a disc of storms
 E - a phial of floods
 K - a phial of floods
 N - a lamp of fire
 V - a fan of gales
Comestibles
 i - 14 meat rations
 j - 15 royal jellies
 o - 3 beef jerkies
 u - 40 fruits
 z - 4 slices of pizza
 P - 5 bread rations


   Skills:
 + Level 16.8 Fighting
 + Level 14.2(15.9) Axes
 + Level 13.5(16.2) Maces & Flails
 + Level 14.0 Armour
 + Level 6.2 Dodging
 + Level 1.2 Stealth
 + Level 22.0 Shields
 + Level 3.9 Invocations


You had 19 spell levels left.
You didn't know any spells.

Dungeon Overview and Level Annotations

Branches:
Dungeon (15/15)            Temple (0/1) D:4            Lair (8/8) D:9
  Swamp (4/4) Lair:5        Snake (4/4) Lair:3        Slime (0/6) Lair:8
    Orc (2/2) D:10            Elf (3/3) Orc:2        Vaults (0/5) D:13
 Depths (0/5) D:15

Altars:
Ashenzari
Cheibriados
Dithmenos
Fedhas
Kikubaaqudgha
Makhleb
Pakellas
Qazlal
Ru
Vehumet
Yredelemnul
Zin
Beogh
Jiyva

Shops:
D:7 =   D:10 ![**   D:12 [   D:13 **[}   Orc:2 !*=(%::   Snake:1 *   Snake:2 ?
Snake:3 *

Portals:
Trove: Elf:2 (give +3 ice dragon armour)


Innate Abilities, Weirdness & Mutations

You are resistant to torment.
Your stone body is resilient (AC +15).
You are immune to poison.
Your large and strong wings let you fly indefinitely.
You resist negative energy.
You are resistant to electric shocks.
You can survive without breathing.
You are immune to petrification.
You are immune to rotting.
You have large cloven feet.
You are frail (-10% HP).
You are somewhat resistant to further mutation.
Your spells are a little easier to cast, but a little less powerful.


Message History

The crystal bolt burns the crystal guardian.
The crystal guardian completely resists.
The crystal bolt burns you!
You block the deep elf sorcerer's attack.
The crystal guardian hits you but does no damage.
A crystal guardian comes into view.
You hit the deep elf sorcerer.
The deep elf sorcerer is lightly wounded.
You hit the crystal guardian but do no damage.
The deep elf sorcerer points at you and mumbles some strange words.
The bolt of acid hits you!
* * * LOW HITPOINT WARNING * * *
The acid burns!
* * * LOW HITPOINT WARNING * * *
The crystal guardian glitters, brittle, in the dim dungeon light.
The crystal guardian fires a crystalline bolt at you.
The crystal bolt freezes the crystal guardian.
The crystal guardian completely resists.
The crystal bolt freezes you! You resist.
You die...

... ... 8.. ##e##
##.e.## #..88(#
#.e8e$# #@# ###.#
#...## #[)$.#
#....# #####
#....#
##...#####...#
##..........###
#####...=...#####


You could see a deep elf death mage, 4 crystal guardians, a deep elf sorcerer
and 2 deep elf high priests.

Vanquished Creatures
  Norris (Elf:2)
  Nikola (Elf:3)
  Rupert (Lair:3)
  A deep elf blademaster (Elf:2)
  Gastronok (D:12)
  12 greater nagas
  A tengu reaver (D:15)
  A storm dragon (D:15)
  Louise (Swamp:3)
  Wiglaf (Elf:2)
  Donald (Orc:2)
  2 deep elf sorcerers
  An orc warlord (Orc:2)
  A deep elf elementalist (Elf:3)
  Nessos (Lair:7)
  A deep elf annihilator (Elf:1)
  A salamander stormcaller (Abyss:2)
  A deep elf death mage (Elf:3)
  Erolcha (D:12)
  A green death (Abyss:2)
  An ettin (D:15)
  A rakshasa (Abyss:2)
  26 hydras
  22 naga warriors
  14 anacondas
  4 centaur warriors
  6 alligators
  3 ogre magi
  22 dancing weapons
  6 death yaks (Lair:6)
  A tengu warrior (D:15)
  8 naga sharpshooters
  An orc high priest (Orc:1)
  8 shock serpents
  A spriggan berserker (Swamp:4)
  2 wretched stars
  16 deep elf knights
  A fire crab (Lair:7)
  2 shadow wraiths (D:15)
  2 skeletal warriors (D:15)
  6 salamander mystics
  3 unseen horrors
  An iron troll (Orc:2)
  13 swamp dragons
  A spriggan druid (Swamp:3)
  2 deep trolls
  A giant orange brain (D:8)
  A shambling mangrove (Swamp:4)
  A flayed ghost (D:15)
  4 orc knights (D:15)
  4 lindwurms (Snake:4)
  8 naga ritualists
  A wolf spider zombie (D:15)
  2 deep elf archers (Elf:1)
  5 starcursed masses (Abyss:2)
  6 hill giants
  15 mana vipers
  A phantasmal warrior (D:15)
  A hornet (Lair:8)
  2 ugly things (D:15)
  2 wolf spiders
  A manticore (D:15)
  3 orc sorcerers
  32 deep elf magi
  3 griffons
  6 salamanders
  A salamander (shapeshifter) (Elf:2)
  3 large abominations
  11 elephants (Lair:8)
  8 cyclopes
  Joseph (D:7)
  An oklob plant (Lair:3)
  A moth of wrath (shapeshifter) (Elf:1)
  35 black mambas
  27 naga magi
  2 smoke demons (Abyss:2)
  An apocalypse crab (Abyss:3)
  12 guardian serpents
  10 centaur skeletons
  2 gargoyles
  19 spiny frogs
  3 rime drakes
  An efreet (D:13)
  A kobold demonologist (D:15)
  3 freezing wraiths (D:15)
  A demonic crawler (Abyss:2)
  2 ancient zymes (Abyss:2)
  5 yaktaurs (D:13)
  8 komodo dragons
  A queen bee (Lair:2)
  19 trolls
  A tengu conjurer (D:15)
  8 giant leeches
  10 two-headed ogres
  2 polar bears
  8 bog bodies
  Grinder (D:3)
  8 slime creatures
  33 blink frogs
  A hornet zombie (D:13)
  8 raiju
  3 water elementals
  A fire giant simulacrum (Abyss:3)
  47 yaks
  3 spriggans
  A redback (D:15)
  6 shadows
  3 wraiths
  8 wyverns
  A ynoxinul (Abyss:3)
  3 air elementals
  A vampire (D:15)
  2 hungry ghosts
  2 basilisks (D:15)
  23 vampire mosquitoes
  4 hippogriffs
  2 fire elementals
  15 insubstantial wisps
  6 wargs
  Edmund (D:5)
  2 neqoxecs
  3 mottled dragons
  60 nagas
  18 swamp worms
  12 water moccasins
  Duvessa (D:5)
  18 porcupines
  3 small abominations
  2 black bears (shapeshifter)
  6 sky beasts
  9 swamp drakes
  2 black bears
  2 ice beasts
  31 orc warriors
  9 wasps
  2 phantoms
  An eye of draining (D:12)
  27 ogres
  3 boggarts (D:15)
  13 centaurs
  3 necrophages
  21 wolves
  19 crocodiles
  3 big kobolds
  A gnoll sergeant (D:11)
  19 giant frogs
  Dowan (D:5)
  A wyvern zombie (D:9)
  An earth elemental (Elf:2)
  6 scorpions
  A wyvern skeleton (D:13)
  A water moccasin skeleton (D:7)
  24 killer bees
  6 howler monkeys
  11 wights
  5 electric eels
  7 crimson imps
  5 centaur zombies
  2 quasits (D:11)
  2 giant frog zombies
  A lava snake (Lair:6)
  9 hounds
  32 orc wizards
  22 orc priests
  4 jellies
  Ijyb (D:2)
  5 giant frog skeletons
  An iron imp (Abyss:3)
  8 iguanas
  Terence (D:3)
  12 worker ants
  5 hell rats (Lair:5)
  2 killer bee zombies
  19 sheep
  2 hound zombies
  A hound skeleton (D:6)
  A mummy (D:6)
  Robin (D:3)
  A worker ant zombie (D:10)
  17 adders
  7 gnolls
  43 river rats
  4 shadow imps
  An adder zombie (D:6)
  A dart slug (D:1)
  6 giant geckos
  96 orcs
  2 giant cockroaches
  11 goblins
  9 hobgoblins
  3 jackals (D:1)
  5 quokkas
  2 ball pythons
  A ball python zombie (D:5)
  3 bats (D:1)
  A giant gecko skeleton (D:5)
  A giant gecko zombie (D:6)
  5 giant newts
  2 jackal skeletons
  2 jackal zombies
  17 kobolds
  2 kobold zombies (D:6)
  2 orc zombies (D:6)
  9 rats
  A spectral orc (D:2)
  A bush (Lair:3)
  6 fungi
  A plant (Lair:8)
1446 creatures vanquished.

Vanquished Creatures (collateral kills)
  A fire giant (D:15)
  8 anacondas (Snake:4)
  A skeletal warrior (D:13)
  2 orc knights
  A deep elf mage (D:15)
  An orc sorcerer (Orc:1)
  A black mamba (Snake:4)
  A guardian serpent (Snake:4)
  A warg (Orc:2)
  5 orc warriors
  12 killer bees (Lair:2)
  2 orc priests
  2 orc wizards (Orc:2)
  A gnoll (Orc:2)
  9 orcs
48 creatures vanquished.

Vanquished Creatures (others)
  A deep elf master archer (Elf:3)
  A deep elf blademaster (Elf:3)
  A deep elf elementalist (Elf:3)
  A deep elf high priest (Elf:3)
  3 naga sharpshooters
  A spriggan berserker (Swamp:4)
  3 deep elf knights (Elf:1)
  A deep elf archer (Elf:1)
  2 deep elf magi (Elf:2)
  A naga mage (Snake:4)
  A bog body (Swamp:4)
  2 giant frogs
  An orc wizard (D:6)
  A ball lightning (Swamp:3)
  A jackal (D:9)
  7 fungi
  5 plants
33 creatures vanquished.

Grand Total: 1527 creatures vanquished

Notes
Turn   | Place    | Note
--------------------------------------------------------------
     0 | D:1      | Scarto the Gargoyle Fighter began the quest for the Orb.
     0 | D:1      | Reached XP level 1. HP: 14/14 MP: 1/1
   155 | D:1      | Reached XP level 2. HP: 18/19 MP: 2/2
   268 | D:1      | Reached XP level 3. HP: 23/23 MP: 3/3
  1140 | D:2      | Noticed Ijyb
  1181 | D:2      | Killed Ijyb
  1181 | D:2      | Reached XP level 4. HP: 29/29 MP: 4/4
  1410 | D:2      | Reached skill level 1 in Dodging
  1410 | D:2      | Reached skill level 4 in Shields
  1616 | D:2      | Found a basalt altar of Yredelemnul.
  1895 | D:3      | Noticed Robin
  1905 | D:3      | Reached XP level 5. HP: 25/33 MP: 5/5
  1920 | D:3      | Killed Robin
  2073 | D:3      | Noticed Terence
  2082 | D:3      | Killed Terence
  2118 | D:3      | Noticed Grinder
  2123 | D:3      | Paralysed by Grinder for 7 turns
  2177 | D:3      | Killed Grinder
  2177 | D:3      | Reached skill level 5 in Shields
  2177 | D:3      | Reached XP level 6. HP: 24/39 MP: 6/6
  2523 | D:4      | Found Iribilerghas's Magic Scroll Emporium.
  2537 | D:4      | Reached XP level 7. HP: 30/44 MP: 7/7
  2773 | D:4      | Reached skill level 5 in Fighting
  2803 | D:4      | Found a staircase to the Ecumenical Temple.
  2828 | D:4      | Found a blossoming altar of Fedhas.
  3429 | D:4      | Found a radiant altar of Vehumet.
  3430 | D:4      | Found a burning altar of Makhleb.
  3452 | D:4      | Became a worshipper of Makhleb the Destroyer
  3522 | D:5      | Entered Level 5 of the Dungeon
  3522 | D:5      | Noticed Edmund
  3549 | D:5      | Killed Edmund
  3549 | D:5      | Reached XP level 8. HP: 46/49 MP: 8/8
  3597 | D:5      | Reached skill level 6 in Shields
  3609 | D:5      | Gained mutation: You are frail (-10% HP). [mutagenic meat]
  3617 | D:5      | Gained mutation: You are somewhat resistant to further mutation. [mutagenic meat]
  3741 | D:5      | Reached skill level 5 in Armour
  3744 | D:5      | Reached * piety under Makhleb
  3806 | D:5      | Found a shattered altar of Ashenzari.
  3806 | D:5      | Noticed Duvessa
  3806 | D:5      | Noticed Dowan
  3839 | D:5      | Killed Duvessa
  3839 | D:5      | Reached skill level 1 in Maces & Flails
  3874 | D:5      | Killed Dowan
  4154 | D:5      | Found a shattered altar of Ashenzari.
  4235 | D:5      | Reached skill level 7 in Shields
  4729 | D:6      | Reached XP level 9. HP: 46/49 MP: 9/9
  4786 | D:6      | Reached ** piety under Makhleb
  5687 | D:6      | Reached skill level 5 in Axes
  5880 | D:7      | Found Ynioh's Jewellery Emporium.
  6010 | D:7      | Noticed Joseph
  6021 | D:7      | Killed Joseph
  6021 | D:7      | Reached skill level 8 in Shields
  6102 | D:7      | Noticed a two-headed ogre
  6107 | D:7      | Killed a two-headed ogre
  6209 | D:7      | Reached XP level 10. HP: 48/56 MP: 10/10
  6375 | D:7      | Found a sacrificial altar of Ru.
  6697 | D:8      | Found a large runed door.
  6698 | D:8      | Found a large runed door.
  6712 | D:8      | Found a sacrificial altar of Ru.
  6712 | D:8      | Noticed a giant orange brain
  6725 | D:8      | Killed a giant orange brain
  6725 | D:8      | Reached skill level 9 in Shields
  6728 | D:8      | Found an ancient bone altar of Kikubaaqudgha.
  6728 | D:8      | Noticed a wolf spider
  6734 | D:8      | Killed a wolf spider
  6747 | D:8      | Reached *** piety under Makhleb
  6819 | D:8      | Identified a scroll of acquirement
  7042 | D:8      | Got a shimmering jade amulet
  7047 | D:8      | Found a snail-covered altar of Cheibriados.
  7144 | D:8      | Identified the amulet of Nuzuguof {+Rage MP+9 Int+6} (You took it off an orc on level 8 of the Dungeon)
  7298 | D:9      | Found a glowing silver altar of Zin.
  7345 | D:9      | Reached **** piety under Makhleb
  7389 | D:9      | Found a stormy altar of Qazlal.
  7570 | D:9      | Reached XP level 11. HP: 43/62 MP: 11/11
  7584 | D:9      | Reached skill level 1 in Invocations
  7594 | D:9      | Found a staircase to the Lair.
  7655 | D:9      | Gained mutation: Your spells are a little easier to cast, but a little less powerful. [mutagenic meat]
  7953 | D:10     | Entered Level 10 of the Dungeon
  7958 | D:10     | Reached skill level 10 in Shields
  8003 | D:10     | Reached ***** piety under Makhleb
  8027 | D:10     | Found a staircase to the Orcish Mines.
  8027 | D:10     | Found Dipust's Assorted Antiques.
  8028 | D:10     | Noticed a hill giant
  8030 | D:10     | Found Boxatalisch's Armour Boutique.
  8036 | D:10     | Found Neakhylu's General Store.
  8042 | D:10     | Killed a hill giant
  8165 | D:10     | Found a shadowy altar of Dithmenos.
  8265 | D:10     | Found Rede's Distillery.
  8271 | D:10     | Noticed a hill giant
  8275 | D:10     | Killed a hill giant
  8277 | D:10     | Bought a potion of heal wounds for 80 gold pieces
  8277 | D:10     | Bought a potion of curing for 48 gold pieces
  8277 | D:10     | Bought a potion of curing for 48 gold pieces
  8946 | D:12     | Found Xuwasyunn's Armour Shop.
  9039 | D:12     | Reached XP level 12. HP: 69/69 MP: 12/12
  9041 | D:12     | Found a shattered altar of Ashenzari.
  9132 | D:12     | Reached skill level 10 in Axes
  9261 | D:12     | Noticed Erolcha
  9267 | D:12     | Paralysed by Erolcha for 6 turns
  9277 | D:12     | Killed Erolcha
  9277 | D:12     | Reached skill level 11 in Shields
  9399 | D:12     | Noticed Gastronok
  9408 | D:12     | Reached skill level 10 in Fighting
  9418 | D:12     | Killed Gastronok
  9418 | D:12     | Reached ****** piety under Makhleb
  9638 | D:12     | Found a roughly hewn altar of Beogh.
  9837 | D:13     | Found Quaziyf's Assorted Antiques.
  9953 | D:13     | Noticed an ogre mage
  9959 | D:13     | Killed an ogre mage
  9994 | D:13     | Reached skill level 12 in Shields
 10219 | D:13     | Reached XP level 13. HP: 75/75 MP: 14/14
 10412 | D:13     | Found Egroq's Assorted Antiques.
 10485 | D:13     | Found Teahiux's Antique Armour Shoppe.
 10572 | D:13     | Found Pilenur's Gadget Shoppe.
 10700 | D:13     | Bought a scroll of enchant armour for 142 gold pieces
 10919 | D:13     | Found a gate to the Vaults.
 11499 | D:15     | Entered Level 15 of the Dungeon
 11548 | D:15     | Reached skill level 5 in Maces & Flails
 11548 | D:15     | Reached skill level 13 in Shields
 11650 | D:15     | Paralysed by an orc sorcerer for 5 turns
 11689 | D:15     | Reached skill level 10 in Armour
 11907 | D:15     | Found a staircase to the Depths.
 11967 | D:15     | Found an oddly glowing altar of Pakellas.
 11968 | D:15     | Found a snail-covered altar of Cheibriados.
 11968 | D:15     | Found an ancient bone altar of Kikubaaqudgha.
 12095 | D:15     | Gained mutation: Your large and strong wings let you fly indefinitely. [Gargoyle growth]
 12095 | D:15     | Reached XP level 14. HP: 63/81 MP: 15/15
 12104 | D:15     | Reached skill level 14 in Shields
 12112 | D:15     | Noticed a storm dragon
 12657 | D:15     | HP: 4/81 [seven-headed hydra (3)]
 13124 | D:15     | Killed a storm dragon
 13124 | D:15     | HP: 4/82 [freezing wraith (16)]
 13224 | D:15     | Reached skill level 15 in Shields
 13235 | D:15     | Noticed a fire giant
 13248 | D:15     | Killed a fire giant
 13327 | D:15     | Noticed a tengu reaver
 13345 | D:15     | Killed a tengu reaver
 13425 | D:15     | Got a blackened scythe
 13486 | D:15     | Got a brightly glowing turquoise ring
 13517 | D:15     | Identified the cursed +0 scythe of Growth {drain, rN+ Dex+4} (You found it on level 15 of the Dungeon)
 13519 | D:15     | Identified the ring of Wishful Thinking {rCorr Dex+2} (You found it on level 15 of the Dungeon)
 13554 | D:15     | Gained mutation: You have large cloven feet. [potion of mutation]
 13554 | D:15     | Gained mutation: Scrolls take you a little longer to read. [potion of mutation]
 13889 | Lair:1   | Entered Level 1 of the Lair of Beasts
 13914 | Lair:1   | Got a polished hand axe
 13915 | Lair:1   | Identified the +4 hand axe of the Wasteland {venom, rC+ MR- Stlth+} (You found it on level 1 of the Lair of Beasts)
 13968 | Lair:1   | Reached XP level 15. HP: 87/87 MP: 17/17
 14574 | Lair:2   | Got a heavily runed hat
 14585 | Lair:2   | Identified the -6 hat of the Hall of Blades {+Inv rN+ Int+2 Dex-3} (You found it on level 2 of the Lair of Beasts)
 15123 | Lair:2   | Reached skill level 5 in Dodging
 15517 | Lair:3   | Found a staircase to the Snake Pit.
 15633 | Lair:3   | Found a labyrinth entrance.
 16131 | Lair:3   | Noticed Rupert
 16163 | Lair:3   | Killed Rupert
 16163 | Lair:3   | Reached skill level 16 in Shields
 17089 | Lair:5   | Found a staircase to the Swamp.
 17467 | Lair:5   | You fall through a shaft for 2 floors!
 17664 | Lair:7   | Noticed Nessos
 17736 | Lair:7   | Killed Nessos
 17736 | Lair:7   | Reached skill level 1 in Stealth
 18269 | Lair:8   | Entered Level 8 of the Lair of Beasts
 18524 | Lair:8   | Found a staircase to the Slime Pits.
 18524 | Lair:8   | Found a viscous altar of Jiyva.
 18681 | Lair:8   | Reached XP level 16. HP: 93/93 MP: 18/18
 18757 | Lair:8   | Reached skill level 17 in Shields
 20199 | Orc:1    | Entered Level 1 of the Orcish Mines
 20880 | Orc:2    | Entered Level 2 of the Orcish Mines
 20880 | Orc:2    | Found Vovacs's Jewellery Shop.
 20892 | Orc:2    | Noticed Donald
 20916 | Orc:2    | Killed Donald
 21057 | Orc:2    | Found Ehostrayl's General Store.
 21148 | Orc:2    | Found Unluj's Distillery.
 21163 | Orc:2    | Bought a potion of curing for 36 gold pieces
 21163 | Orc:2    | Bought a potion of curing for 36 gold pieces
 21163 | Orc:2    | Bought a potion of curing for 36 gold pieces
 21163 | Orc:2    | Bought a potion of curing for 36 gold pieces
 21163 | Orc:2    | Bought a potion of heal wounds for 60 gold pieces
 21224 | Orc:2    | Found a staircase to the Elven Halls.
 21234 | Orc:2    | Found Nynub's Book Emporium.
 21307 | Orc:2    | Found Cuurirph's Book Emporium.
 21308 | Orc:2    | Found Qoism's Food Shop.
 21321 | Orc:2    | Found Kocraim's Antique Weapon Shoppe.
 21348 | Orc:2    | Found a roughly hewn altar of Beogh.
 22203 | Swamp:1  | Entered Level 1 of the Swamp
 22224 | Swamp:1  | Reached skill level 18 in Shields
 22691 | Swamp:2  | Reached skill level 10 in Maces & Flails
 22785 | Swamp:2  | Reached XP level 17. HP: 76/99 MP: 19/19
 23375 | Swamp:3  | Noticed Louise
 23404 | Swamp:3  | Killed Louise
 24122 | Swamp:4  | Entered Level 4 of the Swamp
 24963 | Swamp:4  | Got a decaying rune of Zot
 25253 | Swamp:4  | Reached skill level 19 in Shields
 25932 | Snake:1  | Entered Level 1 of the Snake Pit
 26152 | Snake:1  | Found Nostreqo's Assorted Antiques.
 26420 | Snake:1  | Lost mutation: Scrolls take you a little longer to read. [potion of beneficial mutation]
 27198 | Snake:2  | Reached XP level 18. HP: 80/105 MP: 20/20
 27602 | Snake:2  | Found Quca's Magic Scroll Shop.
 27610 | Snake:2  | Bought a scroll of enchant weapon for 120 gold pieces
 28215 | Snake:3  | Found Guaxzigh's General Store.
 28227 | Snake:3  | Reached skill level 15 in Fighting
 28607 | Snake:4  | Entered Level 4 of the Snake Pit
 28644 | Snake:4  | Reached skill level 20 in Shields
 28952 | Snake:4  | Reached XP level 19. HP: 94/111 MP: 21/21
 29121 | Snake:4  | Got a serpentine rune of Zot
 29341 | Snake:4  | Reached skill level 21 in Shields
 30100 | D:13     | Bought a dazzling crystal plate armour for 2295 gold pieces
 30115 | D:13     | Identified the +8 crystal plate armour "Waggots" {*Drain Int+4 Stlth+} (You bought it in a shop on level 13 of the Dungeon)
 30270 | Elf:1    | Entered Level 1 of the Elven Halls
 30908 | Elf:1    | Cast into level 3 of the Abyss (a deep elf sorcerer)
 31209 | Elf:1    | Escaped the Abyss
 31370 | Elf:1    | Reached XP level 20. HP: 117/117 MP: 22/22
 31510 | Elf:2    | Noticed Wiglaf
 31532 | Elf:2    | Killed Wiglaf
 31602 | Elf:2    | Found a huge runed gate.
 31602 | Elf:2    | Found a huge runed gate.
 31602 | Elf:2    | Found a huge runed gate.
 31602 | Elf:2    | Found a huge runed gate.
 31606 | Elf:2    | Found a huge runed gate.
 31769 | Elf:2    | Found a portal to a secret trove of treasure.
 32289 | Elf:2    | Noticed Norris
 32326 | Elf:2    | Killed Norris
 32468 | Elf:3    | Entered Level 3 of the Elven Halls
 32471 | Elf:3    | Noticed Nikola
 32495 | Elf:3    | Killed Nikola
 32597 | Elf:3    | Cast into level 2 of the Abyss (a deep elf sorcerer)
 32890 | Abyss:2  | Found a roughly hewn altar of Beogh.
 32922 | Abyss:2  | Found a roughly hewn altar of Beogh.
 33106 | Elf:3    | Escaped the Abyss
 33114 | Elf:3    | Reached skill level 22 in Shields
 33118 | Elf:3    | Killed from afar by a crystal guardian

Skill      XL: |  1  2  3  4  5  6  7  8  9 10 11 12 13 14 15 16 17 18 19 20 |
---------------+-------------------------------------------------------------+-----
Axes           | 2 3 4 6 7 9 11 12 13 14 | 14.2
Dodging        | 1 2 3 4 5 6 |  6.2
Shields        | 4 5 7 8 9 10 12 13 15 16 18 19 20 21 22 | 22.0
Fighting       | 4 5 6 7 8 9 10 11 12 13 14 15 16 | 16.8
Armour         | 4 5 6 7 8 9 10 11 12 13 14 | 14.0
Maces & Flails | 2 3 6 7 8 10 11 12 13 | 13.5
Invocations    | 1 2 3 |  3.9
Stealth        | 1 |  1.2

Action                   |  1- 3 |  4- 6 |  7- 9 | 10-12 | 13-15 | 16-18 | 19-21 || total
-------------------------+-------+-------+-------+-------+-------+-------+-------++-------
Melee: War axe           |   117 |   144 |   242 |   497 |   139 |       |       ||  1139
       Flail             |       |       |   147 |       |  1170 |  1815 |   380 ||  3512
       Kick              |       |       |       |       |   345 |   843 |   469 ||  1657
       Hand axe          |       |       |       |       |   232 |   356 |   728 ||  1316
       Unarmed           |       |       |       |       |       |       |     3 ||     3
Invok: Major Destruction |       |       |       |     1 |     1 |       |       ||     2
       Lesser Servant of |       |       |       |     1 |       |     1 |       ||     2
       Greater Servant o |       |       |       |     1 |     4 |     1 |     2 ||     8
  Use: Scroll            |       |     3 |    10 |    13 |    18 |     8 |     4 ||    56
       Potion            |       |     1 |     7 |     1 |    14 |     4 |     6 ||    33
  Eat: Bread ration      |     1 |       |     2 |     4 |     6 |     2 |       ||    15
       Chunk             |       |     1 |     7 |     6 |     2 |     1 |     2 ||    19
       Beef jerky        |       |       |     1 |       |     1 |    14 |       ||    16
       Meat ration       |       |       |       |       |       |     2 |     2 ||     4
Armor: Scale mail        |    70 |       |       |       |       |       |       ||    70
       Chain mail        |     9 |    87 |   194 |       |       |       |       ||   290
       Plate armour      |       |       |    48 |   276 |  1147 |  1245 |   333 ||  3049
       Crystal plate arm |       |       |       |       |       |       |   295 ||   295
       Skin              |       |       |       |       |       |       |     3 ||     3
Dodge: Dodged            |    42 |    30 |    81 |   101 |   390 |   567 |   250 ||  1461
Block: Shield            |    61 |    84 |   229 |   194 |       |  1665 |   917 ||  3150
       Large shield      |       |       |       |   209 |  1905 |   412 |       ||  2526
       Reflection        |       |       |       |       |       |    95 |    51 ||   146
